 Dungeon Crawl Stone Soup version 0.28.0-45-g0d030f2227 (webtiles) character file.

Game seed: 9611241165167405387

52 Kaptain the Digger (level 3, -3/20 HPs)
             Began as a Gargoyle Earth Elementalist on Apr 14, 2022.
             Slain by Natasha (6 damage)
             ... on level 2 of the Dungeon.
             The game lasted 00:04:07 (2040 turns).

Kaptain the Digger (Gargoyle Earth Elementalist)    Turns: 2040, Time: 00:04:08

Health: -3/20      AC:  5    Str: 11    XL:     3   Next: 85%
Magic:  0/6        EV: 11    Int: 17    God:
Gold:   75         SH:  0    Dex: 10    Spells: 2/6 levels left

rFire   . . .      SeeInvis .   i - +0 dagger
rCold   . . .      Faith    .   (no shield)
rNeg    + . .      Spirit   .   b - +0 robe
rPois   ∞          Reflect  .   (no helmet)
rElec   +          Harm     .   (no cloak)
rCorr   .          Rampage  .   (no gloves)
Will    .....                   (no boots)
Stlth   ++........              (no amulet)
HPRegen 0.06/turn               (no ring)
MPRegen 0.10/turn               (no ring)

@: no status effects
A: sickness immunity, AC +3, negative energy resistance 1, electricity
resistance, torment resistance 1, petrification resistance
a: no special abilities


You were on level 2 of the Dungeon.
You visited 1 branch of the dungeon, and saw 2 of its levels.

You collected 75 gold pieces.

Inventory:

Hand Weapons
 d - a +0 whip
 h - a +0 hunting sling
 i - a +0 dagger (weapon)
Missiles
 f - 15 sling bullets
 k - 31 stones
Armour
 b - a +0 robe (worn)
 e - a +0 kite shield
Scrolls
 a - 5 scrolls of identify {unknown}
 g - a scroll of holy word {unknown}
Potions
 j - a potion of flight {unknown}


   Skills:
 * Level 1.1 Fighting
 + Level 1.0 Armour
 - Level 1.5 Dodging
 - Level 2.1 Stealth
 + Level 0.8 Shields
 * Level 2.4 Spellcasting
 * Level 1.5 Conjurations
 - Level 0.7 Transmutations
 * Level 4.0 Earth Magic


You had 2 spell levels left.
You knew the following spells:

 Your Spells              Type           Power      Damage    Failure   Level
a - Sandblast             Erth           30%        2d9       3%          1
b - Stone Arrow           Conj/Erth      22%        3d8       19%         3

Your spell library contained the following spells:

 Spells                   Type           Power      Damage    Failure   Level
 Passwall                 Tmut/Erth      8%         N/A       11%         2
 Petrify                  Tmut/Erth      10%        N/A       56%         4


Dungeon Overview and Level Annotations

Branches:
Dungeon (2/15)

Altars:
Cheibriados

Annotations:
D:2 Natasha


Innate Abilities, Weirdness & Mutations

You are immune to sickness and miasma.
Your stone body is resilient. (AC +3)
You are immune to poison.
You resist negative energy. (rN+)
You are resistant to electric shocks. (rElec)
You are resistant to unholy torment.
You are immune to petrification.


Message History

Your magical contamination has completely faded away.
You start resting.
Magic restored.
You start resting.
HP restored.
An endoplasm comes into view.
You see here a worm corpse.
Casting: Stone Arrow (extremely dangerous; 19% risk of failure)
Confirm with . or Enter, or press ? or * to list all spells.
Aiming: Stone Arrow (extremely dangerous; 19% risk of failure)
Press: ? - help, Shift-Dir - straight line, f - endoplasm
Aim: an endoplasm (wandering, hasn't noticed you, 97% to hit)
The stone arrow hits the endoplasm!
You kill the endoplasm!
Natasha hisses angrily.
Unknown command.
Natasha stares at you and mumbles some strange words.
The magic dart hits you!
Ouch! That really hurt!
Casting: Stone Arrow (extremely dangerous; 19% risk of failure)
Confirm with . or Enter, or press ? or * to list all spells.
Aiming: Stone Arrow (extremely dangerous; 19% risk of failure)
Press: ? - help, Shift-Dir - straight line, f - Natasha
Aim: Natasha (60% to hit)
The stone arrow misses Natasha.
Natasha casts a spell at you. You resist with significant effort.
Unknown command.
Natasha casts a spell.
You closely miss Natasha. Natasha claws you!
* * * LOW HITPOINT WARNING * * *
You hit Natasha.
Natasha is moderately wounded.
Natasha claws you.
* * * LOW HITPOINT WARNING * * *
Unknown command.
It was a potion of cancellation.
You feel magically purged.
Natasha extends her claws.
Natasha claws you.
You die...

..... ....
..# ....
...
#...##.##
#...##..#
#5#.#...#
#h#.#...
#@#.#..##
#...#...#
#..##..##
#..#...##
#..†....#
##.#...##
#.##.###
#......# .
####.#####
##.


You could see Natasha and a crimson imp (summoned).

Vanquished Creatures
  A gnoll (D:1)
  2 worms (D:2)
  A dart slug (D:1)
  2 ball pythons
  5 endoplasms
  A giant cockroach (D:1)
  7 goblins
  4 hobgoblins
  A quokka (D:1)
  5 bats
  3 rats (D:1)
32 creatures vanquished.

Notes
Turn   | Place    | Note
-------+----------+-------------------------------------------
     0 | D:1      | Kaptain the Gargoyle Earth Elementalist began the quest for
                  | the Orb.
     0 | D:1      | Reached XP level 1. HP: 10/10 MP: 3/3
   204 | D:1      | Reached XP level 2. HP: 14/16 MP: 0/5
   359 | D:1      | Reached skill level 1 in Fighting
   359 | D:1      | Reached skill level 1 in Conjurations
   482 | D:1      | Reached XP level 3. HP: 18/20 MP: 1/6
  1132 | D:1      | Reached skill level 4 in Earth Magic
  1456 | D:2      | Reached skill level 1 in Armour
  1499 | D:2      | Found a snail-covered altar of Cheibriados.
  1516 | D:2      | Learned a level 3 spell: Stone Arrow
  1956 | D:2      | Noticed Natasha
  2040 | D:2      | Slain by Natasha

Illustrated notes

Levels and vault maps discovered:
D:1:      saegor_arrival_simple_b, layout_basic, minmay_tromino_v7
D:2:      wad_crossroads, layout_loops_ring, ebering_ecumenical_altar_hall,
          basic_altar, uniq_natasha

Skill      XL: |  1  2  3 |
---------------+----------+-----
Fighting       | 1 |  1.1
Conjurations   | 1 |  1.5
Earth Magic    | 4 |  4.0
Armour         | 1 |  1.0
Dodging        | |  1.5
Stealth        | |  2.1
Shields        | |  0.8
Spellcasting   | |  2.4
Transmutations | |  0.7

Action                   || total
-------------------------++-------
Melee: Unarmed           ||     5
       Whip              ||    50
       Dagger            ||     6
       Punch             ||     1
 Cast: Sandblast         ||    30
       Stone Arrow       ||     7
  Use: Potion            ||     1
 Stab: Sleeping          ||     3
Armor: Robe              ||    40
Dodge: Dodged            ||    39
